AoeStats
← Legion

Arabia

515341663Analyzed
1v1 RM · 16d ago on Oct 21, 2026· 41m 52s· 2 players
Game mode
Random Map
Map size
Tiny (2 player)
Population
200
Speed
Normal
Resources
Standard
Victory
Conquest
Starting age
Dark Age
Ending age
Imperial Age
RankedLock teamsTeams togetherTeam positionsShared explorationLock speedFull tech treeHidden civsTurbo modeCheats
Victory
Defeat
🇦🇷 Vietnamese · Argentina
907
+17
vs
🇵🇪 Tatars · Peru
922
-17
LeleCigno
7:22 Loom
9:55 Feudal Age
10:45 Double-Bit Axe
13:05 Horse Collar
18:24 Town Watch
21:38 Castle Age
20:23 Padded Archer Armor
20:14 Fletching
21:41 Elite Skirmisher
22:39 Leather Archer Armor
22:39 Bow Saw
23:51 Wheelbarrow
23:19 Heavy Plow
25:51 Thumb Ring
26:43 Ballistics
28:38 Hand Cart
29:45 Town Patrol
29:56 Stone Mining
29:57 Gold Mining
30:06 Bodkin Arrow
32:03 Husbandry
32:14 Bloodlines
33:32 Thumb Ring
35:11 Forging
35:12 Scale Barding Armor
35:18 Forging
39:04 Imperial Age
38:10 Chain Barding Armor
40:48 Chemistry
39:26 Cavalier
40:11 Bracer
39:35 Imperial Skirmisher
Legion
7:05 Loom
9:27 Feudal Age
10:20 Double-Bit Axe
16:04 Castle Age
15:07 Gold Mining
17:54 Fletching
19:22 Padded Archer Armor
22:26 Bloodlines
27:30 Bodkin Arrow
29:12 Husbandry
31:45 Bow Saw
32:07 Ballistics
33:01 Leather Archer Armor
34:40 Light Cavalry
Connection lost

Rejoining the realm…

Still unreachable

The connection could not be restored.

Session expired

The server has moved on; the page needs a fresh start.